 Dungeon Crawl Stone Soup version 0.29.0-4-gdea44cf6ec (webtiles) character file.

Game seed: 13277195824418358602

35 qw the Chopper (level 3, 0/21 HPs)
             Began as a Tengu Warper on Aug 28, 2022.
             Succumbed to their own poison gas
             ... on level 1 of the Dungeon.
             The game lasted 00:00:07 (1399 turns).

qw the Chopper (Tengu Warper)                       Turns: 1399, Time: 00:00:07

Health: 0/21       AC:  8    Str: 13    XL:     3   Next: 35%
Magic:  7/7        EV:  6    Int: 13    God:
Gold:   81         SH:  0    Dex: 13    Spells: 6/6 levels left

rFire   . . .      SeeInvis +   Y - +0 hand axe
rCold   . . .      Faith    .   (no shield)
rNeg    . . .      Spirit   .   l - +0 chain mail
rPois   .          Reflect  .   (helmet restricted)
rElec   .          Harm     .   (no cloak)
rCorr   .          Rampage  .   (no gloves)
Will    .....                   (boots unavailable)
Stlth   ..........              (no amulet)
HPRegen 0.07/turn               k - ring of see invisible
MPRegen 0.10/turn               (no ring)

@: lethally poisoned (0 -> -1)
A: beak, talons 3
a: no special abilities


You were on level 1 of the Dungeon.
You visited 1 branch of the dungeon, and saw 1 of its levels.

You collected 81 gold pieces.


Innate Abilities, Weirdness & Mutations

You have a beak for a mouth.
You have claws for feet.


   Skills:
 - Level 2.0 Fighting
 + Level 4.1 Axes
 - Level 1.0 Throwing
 - Level 1.1 Armour
 - Level 2.1 Dodging
 - Level 2.0 Spellcasting
 - Level 2.4 Translocations


You had 6 spell levels left.
You didn't know any spells.
Your spell library contained the following spells:

 Spells                   Type           Power      Damage    Failure   Level
 Blink                    Tloc           14%        N/A       99%         2
 Gell's Gravitas          Tloc           7%         N/A       100%        3
 Lesser Beckoning         Tloc           7%         N/A       100%        3
 Teleport Other           Tloc           7%         N/A       100%        3
 Manifold Assault         Tloc           7%         N/A       100%        5

Inventory:

Hand Weapons
 h - a +0 mace
 Y - a +0 hand axe (weapon)
Armour
 l - a +0 chain mail (worn)
Jewellery
 k - a ring of see invisible (left hand)
Potions
 d - a potion of berserk rage {unknown}
 j - a potion of curing {unknown}
 m - a potion of lignification {unknown}
 n - a potion of haste {unknown}
 o - a potion of might {unknown}

Dungeon Overview and Level Annotations

Branches:
Dungeon (1/15)

Altars:


Message History

1387 ||| READING scroll labelled QUXKAR ETAH.
The air fills with toxic fumes!
As you read the scroll labelled QUXKAR ETAH, it crumbles to dust.
It was a scroll of poison.
Done exploring.
1388 ||| READING scroll labelled MAOMME CAWNIER.
As you read the scroll labelled MAOMME CAWNIER, it crumbles to dust.
You assume a fearsome visage.
Nothing appears to happen.
It was a scroll of fear.
Done exploring.
1389 ||| DROPPING scroll of blinking.
You drop a scroll of blinking.
Done exploring.
1390 ||| DROPPING scroll of torment.
You drop a scroll of torment.
Done exploring.
(D) Dungeon
Where to? (* - list waypoints, ? - help)
What level of the Dungeon? (default 1, ? - help) Sorry, I don't know how to get there.
Done exploring.
1391 ||| Stepping randomly (stuck).
Really walk into that cloud of poison gas?
You are engulfed in poison gas.
You are poisoned.
You feel very sick.
1392 ||| Stepping ~*~*~tactically~*~*~ (cloud).
You feel very sick.
Items here: ?? [[.
There is a lethal amount of poison in your body!
You feel sick.
There is a lethal amount of poison in your body!
You feel sick.
There is a lethal amount of poison in your body!
You feel sick.
There is a lethal amount of poison in your body!
You feel sick.
There is a lethal amount of poison in your body!
You feel sick.
There is a lethal amount of poison in your body!
You feel sick.
There is a lethal amount of poison in your body!
You die...

### ### #####.# ######.# ......#
#......# #####.# #.####.# #.#
#.#00#.# ###'##### #.#¤0#.######
### #.......# ###.#¤¤#......# #..
#.......# #.¤0@0.#......# #..
###.......###.#0##.#......#####..
..#...#...#.#.#0...#.........##..
....###...#.#......#[........##..
....#.'...+..¤...............''..
....#.#...#.¤#####.##........##..
........#..0¤......##........##..
...##.#.#.#..########........####
...##.#.#.#........##............


There were no monsters in sight!

Vanquished Creatures
  A gnoll (D:1)
  6 endoplasms (D:1)
  2 giant cockroaches (D:1)
  2 hobgoblins (D:1)
  2 kobolds (D:1)
  3 ball pythons (D:1)
  2 bats (D:1)
  2 goblins (D:1)
  3 rats (D:1)
23 creatures vanquished.

Notes
Turn   | Place    | Note
-------+----------+-------------------------------------------
     0 | D:1      | qw the Tengu Warper began the quest for the Orb.
     0 | D:1      | Reached XP level 1. HP: 12/12 MP: 4/4
     0 | D:1      | 0 ||| qw: Version: 0.1-a-89-g26bdef1
     0 | D:1      | 0 ||| qw: Game counter: 1773
     0 | D:1      | 0 ||| qw: Always use a shield: true
     0 | D:1      | 0 ||| qw: God list: Okawaru
     0 | D:1      | 0 ||| qw: Allow faded altars: false
     0 | D:1      | 0 ||| qw: Do Orc after D:15 true
     0 | D:1      | 0 ||| qw: Do second Lair branch before Depths: true
     0 | D:1      | 0 ||| qw: Lair rune preference: random
     0 | D:1      | 0 ||| qw: Plans: Normal
     0 | D:1      | 0 ||| PLANNING D:1-11
   268 | D:1      | Reached XP level 2. HP: 17/17 MP: 6/6
   280 | D:1      | Reached skill level 3 in Axes
   406 | D:1      | Reached XP level 3. HP: 16/21 MP: 7/7
   827 | D:1      | Reached skill level 4 in Axes
  1243 | D:1      | 1243 ||| UPGRADING to +0 ring mail.
  1253 | D:1      | 1253 ||| DROPPING +0 leather armour.
  1254 | D:1      | 1254 ||| UPGRADING to +0 chain mail.
  1264 | D:1      | 1264 ||| DROPPING +0 ring mail.
  1265 | D:1      | 1265 ||| UPGRADING to ring of see invisible.
  1266 | D:1      | 1266 ||| READING scroll labelled ONIUNT XYTI.
  1267 | D:1      | 1267 ||| READING 2 scrolls labelled ONTUMN DETOCE.
  1387 | D:1      | 1387 ||| READING scroll labelled QUXKAR ETAH.
  1388 | D:1      | 1388 ||| READING scroll labelled MAOMME CAWNIER.
  1389 | D:1      | 1389 ||| DROPPING scroll of blinking.
  1390 | D:1      | 1390 ||| DROPPING scroll of torment.
  1391 | D:1      | 1391 ||| Stepping randomly (stuck).
  1392 | D:1      | 1392 ||| Stepping ~*~*~tactically~*~*~ (cloud).
  1395 | D:1      | HP: 4/21 [poisoned by you (poison gas)]
  1398 | D:1      | HP: 1/21 [poisoned by you (poison gas)]
  1399 | D:1      | Succumbed to their own poison gas

Levels and vault maps discovered:
D:1:      lemuel_arrival_funnel, layout_basic, minivault_26

Skill      XL: |  1  2  3 |
---------------+----------+-----
Axes           | 3 4 |  4.1
Fighting       | |  2.0
Throwing       | |  1.0
Armour         | |  1.1
Dodging        | |  2.1
Spellcasting   | |  2.0
Translocations | |  2.4

Action                   || total
-------------------------++-------
Melee: Hand axe          ||    48
       Kick              ||    15
       Peck              ||     5
       Punch             ||     1
Throw: Boomerang         ||     7
  Use: Scroll            ||     4
Armor: Leather armour    ||    13
Dodge: Dodged            ||    25

Table legend:
 A = Non-vault XP
 B = Vault XP
 C = Vault XP percentage of total XP
 D = Non-vault monster count
 E = Vault monster count
 F = Vault count percentage of total count
                 A         B        C        D         E       F
            +---------+---------+-------+---------+---------+-------
      Total |      51 |       0 |   0.0 |      23 |       0 |   0.0
            +---------+---------+-------+---------+---------+-------
        D:1 |      51 |       0 |   0.0 |      23 |       0 |   0.0
            +---------+---------+-------+---------+---------+-------
